 Dungeon Crawl Stone Soup version 0.27.1-3-gb3d3a73c9e (webtiles) character file.

Game seed: 5077591754380113719

55063 jlumianski the Carver (level 14, -4/129 HPs)
             Began as a Deep Dwarf Fighter on Oct 5, 2021.
             Was a High Priest of Makhleb.
             Succumbed to poison (poison gas)
             ... on level 2 of the Lair of Beasts.
             The game lasted 01:45:46 (15091 turns).

jlumianski the Carver (Deep Dwarf Fighter)         Turns: 15091, Time: 01:45:46

Health: -4/129     AC: 20    Str: 29    XL:     14   Next: 36%
Magic:  16/16      EV: 31    Int: 11    God:    Makhleb [*****.]
Gold:   1471       SH: 17    Dex: 18    Spells: 13/13 levels left

rFire    + + .     SeeInvis .   H - +9 scimitar (vamp)
rCold    . . .     Faith    .   j - +3 kite shield {AC+3}
rNeg     + . .     Spirit   .   Y - +2 ring mail {rF+}
rPois    .         Reflect  .   U - +2 hat
rElec    +         Harm     .   G - +2 cloak
rCorr    .         Rampage  .   E - +2 pair of gloves
Will     +++..                  (no boots)
Stlth    ++........             O - amulet of the acrobat
HPRegen  0.00/turn              R - +6 ring of dexterity
MPRegen  0.15/turn              I - ring "Sufach" {rElec rF+ Will+ Str+4 Int+2}

@: lethally poisoned (-4 -> -22), acrobatic
A: damage resistance, heal wounds, negative energy resistance 1, sense
surroundings 2, no regeneration
a: Heal Wounds, Renounce Religion, Minor Destruction, Lesser Servant of Makhleb,
Major Destruction, Greater Servant of Makhleb


You were on level 2 of the Lair of Beasts.
You worshipped Makhleb.
Makhleb was extremely pleased with you.
You visited 4 branches of the dungeon, and saw 17 of its levels.
You also visited: Sewer and Ice Cave.

You collected 1822 gold pieces.
You spent 351 gold pieces at shops.

Inventory:

Hand Weapons
 H - a +9 vampiric scimitar (weapon)
 P - the +5 spear of the Dragonfly {spect, rCorr Str+4 Int-2}
   (You found it on level 12 of the Dungeon)

   When its wielder attacks, the weapon's spirit leaps out and strikes again.
   The spirit shares a part of any damage it takes with its wielder.
   Str:       It affects your strength (+4).
   Int:       It affects your intelligence (-2).
   rCorr:     It protects you from acid and corrosion.
 Z - a +2 vampiric demon whip
Missiles
 a - 7 atropa-tipped darts (quivered)
 e - 10 curare-tipped darts
 z - 6 javelins
 J - 14 boomerangs
 W - 3 throwing nets
Armour
 j - a +3 kite shield of protection (worn)
 E - a +2 pair of gloves (worn)
 G - a +2 cloak (worn)
 U - a +2 hat (worn)
 Y - a +2 ring mail of fire resistance (worn)
Magical Staves
 k - a staff of conjuration
Jewellery
 b - a ring of willpower
 o - a +6 ring of dexterity
 p - the amulet "Zajoix Zulu" {RegenMP *Slow rF+++ rN++ Int-5 SInv}
   (You found it in an ice cave)

   [amulet of magic regeneration]

   It increases your rate of magic regeneration.
   Int:       It affects your intelligence (-5).
   rF:        It renders you almost immune to fire.
   rN:        It greatly protects you from negative energy.
   SInv:      It lets you see invisible.
   *Slow:     It may slow you when you take damage.
 D - the ring of Deqab {Ice rPois Str+2}
   (You found it on level 6 of the Dungeon)

   [ring of ice]

   It enhances your ice magic.
   Str:       It affects your strength (+2).
   rF:        It makes you vulnerable to fire.
   rC:        It protects you from cold.
   rPois:     It protects you from poison.
 I - the ring "Sufach" (right hand) {rElec rF+ Will+ Str+4 Int+2}
   (You bought it in a shop on level 6 of the Dungeon)

   [ring of willpower]

   Str:       It affects your strength (+4).
   Int:       It affects your intelligence (+2).
   rF:        It protects you from fire.
   rElec:     It insulates you from electricity.
   Will:      It increases your willpower.
 O - an amulet of the acrobat (around neck)
 R - a +6 ring of dexterity (left hand)
 S - a ring of flight
Wands
 n - a wand of iceblast (17)
 r - a wand of paralysis (8)
 y - a wand of polymorph (8)
 B - a wand of charming (6)
 F - a wand of mindburst (9)
Scrolls
 f - 8 scrolls of teleportation
 i - a scroll of fog
 q - 2 scrolls of identify
 V - 4 scrolls of fear
Potions
 c - a potion of invisibility
 d - 3 potions of might
 l - a potion of resistance
 m - 8 potions of curing
 t - 3 potions of cancellation
 w - 6 potions of flight
 A - a potion of haste
 C - a potion of heal wounds
 K - 2 potions of berserk rage
 M - 3 potions of lignification
 T - a potion of ambrosia
Miscellaneous
 g - a piece from Xom's chessboard (15/15)
 h - a lightning rod (4/4)


   Skills:
 + Level 9.5 Fighting
 - Level 14.0 Long Blades
 - Level 8.6(8.7) Axes
 + Level 1.4(5.1) Maces & Flails
 + Level 0.2(4.3) Polearms
 + Level 2.7 Throwing
 + Level 6.6 Armour
 + Level 9.4 Dodging
 + Level 4.0 Stealth
 + Level 12.3 Shields
 * Level 9.6 Invocations
 + Level 1.2 Evocations


You had 13 spell levels left.
You didn't know any spells.
Your spell library contained the following spells:

 Spells                   Type           Power      Damage    Failure   Level
 Corona                   Hex            0%         N/A       56%         1
 Sandblast                Erth           0%         2d4       56%         1
 Ensorcelled Hibernation  Hex/Ice        0%         N/A       71%         2
 Passwall                 Tmut/Erth      0%         N/A       71%         2
 Sublimation of Blood     Necr           0%         N/A       71%         2
 Wereblood                Tmut           0%         N/A       71%         2
 Call Canine Familiar     Summ           0%         N/A       91%         3
 Dazzling Flash           Conj/Hex       0%         N/A       91%         3
 Gell's Gravitas          Tloc           0%         N/A       91%         3
 Portal Projectile        Hex/Tloc       0%         N/A       91%         3
 Spider Form              Tmut/Pois      0%         N/A       91%         3
 Teleport Other           Tloc           0%         N/A       91%         3
 Tukima's Dance           Hex            0%         N/A       91%         3
 Animate Armour           Summ/Erth      0%         N/A       100%        4
 Leda's Liquefaction      Hex/Erth       0%         N/A       100%        4
 Agony                    Necr           0%         N/A       100%        5
 Alistair's Intoxication  Tmut/Pois      0%         N/A       100%        5
 Blade Hands              Tmut           0%         N/A       100%        5
 Borgnjor's Vile Clutch   Necr/Erth      0%         N/A       100%        5
 Lee's Rapid Deconstruct  Erth           0%         3d5*      100%        5
 Silence                  Hex/Air        0%         N/A       100%        5
 Dispersal                Tloc           0%         N/A       100%        6
 Eringya's Noxious Bog    Tmut/Pois      0%         N/A       100%        6
 Iron Shot                Conj/Erth      0%         9d1       100%        6
 Shadow Creatures         Summ           N/A        N/A       100%        6
 Summon Hydra             Summ           0%         N/A       100%        7


Dungeon Overview and Level Annotations

Branches:
Dungeon (12/15)            Temple (1/1) D:7            Lair (2/6) D:9
  Swamp (0/4) Lair:2          Orc (2/2) D:12            Elf (0/3) Orc:2
  Sewer (visited)           IceCv (visited)
  Snake: Lair:2-4    Spider: Lair:2-4

Altars:
Ashenzari
Cheibriados
Dithmenos
Elyvilon
Fedhas
Gozag
Hepliaklqana
Kikubaaqudgha
Makhleb
Nemelex Xobeh
Okawaru
Qazlal
Ru
Sif Muna
Trog
Uskayaw
Vehumet
Wu Jian
Xom
Yredelemnul
Zin
The Shining One
Beogh

Shops:
D:6 *   D:11 (   Orc:1 !=:*   Orc:2 [!(

Annotations:
D:5 1 runed translucent door
D:8 osoart's ghost, novice GnWr


Innate Abilities, Weirdness & Mutations

You are resistant to damage.
You can heal yourself by infusing magical energy.
You resist negative energy. (rN+)
You passively map the area around you.
You do not regenerate.


Message History

The swamp dragon breathes poison at you.
The blast of poison engulfs you but does no damage.
You are more poisoned.
You hear a howl!
You slice the swamp dragon!!
You feel better.
You kill the swamp dragon!
Makhleb accepts your kill.
You feel better.
You are engulfed in poison gas.
You are more poisoned.
You feel extremely sick.
The iguana is engulfed in poison gas.
The iguana is poisoned.
The iguana barely misses you.
You hit the iguana.
You feel better.
The iguana is severely wounded.
You are engulfed in poison gas.
You are more poisoned.
You feel extremely sick.
The iguana is engulfed in poison gas.
The iguana looks even sicker.
The iguana bites you!
You hit the iguana but do no damage.
The iguana is almost dead.
You are engulfed in poison gas.
You are more poisoned.
You feel extremely sick.
The iguana dies!
You are engulfed in poison gas.
You are more poisoned.
You feel extremely sick.
You are engulfed in poison gas.
You are more poisoned.
You feel extremely sick.
You are engulfed in poison gas.
You are lethally poisoned!
* * * LOW HITPOINT WARNING * * *
You feel extremely sick.
* * * LOW HITPOINT WARNING * * *
You feel extremely sick.
* * * LOW HITPOINT WARNING * * *
You feel extremely sick.
You die...

, , , , *, , , ** ,. ** ,
* .. , ,* * * #., * ##
###. * ##,># ** * #....
######.#.#*###*##≈ **
*#.§...#P#.###.+##P.#....
***
.§.§§.P....@..†........≈
#§.§§§..#..+......##....
*
+.§§§.§#####....†.#...[.
≈ * #§.§§§§ #........#,,,
*, #..§§§§ ##P##+.### ≈**
* *##+.§## ####..P# *
.... #####..### * ,,
.#.#** ##.####...# , *
##..P#.##..###


There were no monsters in sight!

Vanquished Creatures
  Jorgrun (D:12)
  Gastronok (D:9)
  2 quicksilver oozes (IceCv)
  The ghost of belegose the Fighter, a journeyman PaFi of Hepliaklqana (D:12)
  2 merfolk impalers (D:12)
  A naga warrior (Orc:1)
  3 hydras
  Erolcha (Orc:1)
  2 ogre magi (Orc:2)
  Harold (Orc:1)
  2 centaur warriors
  11 two-headed ogres
  The ghost of SquidGame the Protected, a journeyman TeBe of Trog (Lair:1)
  2 tengu warriors (D:12)
  Sonja (D:11)
  A skeletal warrior (D:11)
  2 deep trolls (Orc:2)
  3 orc knights
  A swamp dragon (Lair:2)
  A deep elf pyromancer (D:12)
  Pikel (D:8)
  A manticore (D:8)
  3 cyclopes
  A black mamba (Lair:1)
  A gargoyle (D:12)
  An unseen horror (D:12)
  2 cane toads
  2 ice statues (IceCv)
  A tengu conjurer (D:8)
  An entropy weaver simulacrum (IceCv)
  11 trolls
  3 meliai
  A hornet (D:8)
  A polar bear (Lair:1)
  14 slime creatures (IceCv)
  6 yaks (D:12)
  A vampire (D:11)
  2 wraiths (D:11)
  3 wyverns
  Grum (D:9)
  5 vampire mosquitoes
  3 steam dragons
  3 wargs
  5 water moccasins
  A demonic crawler simulacrum (IceCv)
  24 orc warriors
  A sky beast (D:6)
  2 black bears
  4 ugly thing simulacra (IceCv)
  2 wolves (D:9)
  25 ogres
  5 centaurs
  2 lemures (D:8)
  2 phantoms
  7 bullfrogs
  2 gnoll sergeants
  10 scorpions
  4 glowing shapeshifter simulacra (IceCv)
  2 two-headed ogre simulacra (D:11)
  A water moccasin skeleton (D:5)
  17 killer bees
  7 electric eels (D:9)
  A vampire bat (D:6)
  3 howler monkeys (D:12)
  5 centaur zombies
  A jelly (D:6)
  15 orc priests
  5 hounds
  2 centaur skeletons
  An iguana (D:5)
  22 orc wizards
  A troll simulacrum (D:11)
  A hound skeleton (D:5)
  2 howler monkey zombies
  12 gnolls
  A howler monkey skeleton (D:6)
  7 adders
  2 naga simulacra (D:11)
  A white imp (D:5)
  4 worms
  A dart slug (D:4)
  68 orcs
  10 ball pythons
  19 bats
  13 endoplasms
  5 giant cockroaches
  10 goblins
  5 hobgoblins
  7 jackals
  6 kobolds
  5 quokkas
  2 frilled lizards (D:2)
  7 rats
  A butterfly (D:5)
476 creatures vanquished.

Vanquished Creatures (collateral kills)
  2 azure jellies (IceCv)
  An orc priest (D:6)
  An adder (D:4)
  An orc (D:6)
5 creatures vanquished.

Vanquished Creatures (others)
  2 killer bees (D:12)
  An iguana (Lair:2)
  An orc (Orc:2)
  A giant cockroach (D:5)
  4 fungi
  5 plants
  2 withered plants (Lair:1)
16 creatures vanquished.

Grand Total: 497 creatures vanquished

Notes
Turn   | Place    | Note
-------+----------+-------------------------------------------
     0 | D:1      | jlumianski the Deep Dwarf Fighter began the quest for the
                  | Orb.
     0 | D:1      | Reached XP level 1. HP: 20/20 MP: 1/1
   126 | D:1      | Reached XP level 2. HP: 22/27 MP: 2/2
   534 | D:2      | Reached XP level 3. HP: 22/34 MP: 3/3
  1018 | D:2      | Found a broken altar of Ashenzari.
  1035 | D:2      | Reached skill level 1 in Dodging
  1086 | D:2      | Reached XP level 4. HP: 27/42 MP: 4/4
  1584 | D:3      | Noticed a water moccasin
  1596 | D:3      | Killed a water moccasin
  1597 | D:3      | Reached XP level 5. HP: 22/49 MP: 5/5
  1606 | D:3      | Found a faded altar of an unknown god.
  1840 | D:4      | Reached XP level 6. HP: 29/56 MP: 6/6
  1896 | D:4      | Reached skill level 5 in Axes
  1979 | D:4      | Found a snail-covered altar of Cheibriados.
  2037 | D:4      | Reached XP level 7. HP: 27/63 MP: 7/7
  2234 | D:4      | Identified the +2 robe of the Other Side {Will+ rCorr}
  2298 | D:4      | Found a glowing drain.
  2327 | Sewer    | Entered a sewer
  2822 | Sewer    | Reached skill level 5 in Shields
  3112 | D:4      | Found a sacrificial altar of Ru.
  3112 | D:4      | Found an ornate altar of the Wu Jian Council.
  3531 | D:5      | Entered Level 5 of the Dungeon
  3701 | D:5      | Reached skill level 5 in Armour
  3764 | D:5      | Found a runed translucent door.
  3769 | D:5      | Found a runed translucent door.
  3769 | D:5      | Noticed a vampire mosquito
  3878 | D:5      | Reached XP level 8. HP: 50/72 MP: 7/7
  4319 | D:5      | Reached skill level 1 in Stealth
  4640 | D:6      | Found an iron altar of Okawaru.
  4650 | D:6      | Identified the ring of Deqab {Ice rPois Str+2}
  4685 | D:6      | Found a shimmering blue altar of Sif Muna.
  4828 | D:6      | Reached skill level 1 in Throwing
  4893 | D:6      | Gained mutation: You passively map the area around you.
                  | [Deep Dwarf growth]
  4893 | D:6      | Reached XP level 9. HP: 31/79 MP: 8/8
  5073 | D:6      | Found an opulent altar of Gozag.
  5074 | D:6      | Found Deiveiph's Assorted Antiques.
  5076 | D:6      | Found a shimmering altar of Xom.
  5112 | D:6      | Bought a vibrating glass ring for 105 gold pieces
  5112 | D:6      | Identified the ring "Sufach" {rElec rF+ Will+ Str+4 Int+2}
                  | (You bought it in a shop on level 6 of the Dungeon)
  5488 | D:7      | Reached skill level 1 in Long Blades
  5502 | D:7      | Reached skill level 2 in Long Blades
  5514 | D:7      | Reached skill level 3 in Long Blades
  5638 | D:7      | Reached skill level 5 in Fighting
  5922 | D:7      | Reached skill level 4 in Long Blades
  6080 | D:7      | Found a staircase to the Ecumenical Temple.
  6094 | Temple   | Entered the Ecumenical Temple
  6121 | Temple   | Became a worshipper of Makhleb the Destroyer
  6518 | D:8      | Found a transporter.
  6519 | D:8      | Noticed osoart's ghost (novice GnWr)
  6545 | D:8      | Found a transporter.
  6670 | D:8      | Reached skill level 5 in Long Blades
  6751 | D:8      | Reached XP level 10. HP: 80/88 MP: 8/8
  6816 | D:8      | Noticed Pikel
  6833 | D:8      | Killed Pikel
  6834 | D:8      | Reached skill level 6 in Long Blades
  6859 | D:8      | Noticed a manticore
  6872 | D:8      | Killed a manticore
  6874 | D:8      | Reached skill level 7 in Long Blades
  6880 | D:8      | Noticed a centaur warrior
  6889 | D:8      | Killed a centaur warrior
  6902 | D:8      | Reached skill level 8 in Long Blades
  7022 | D:8      | Found a white marble altar of Elyvilon.
  7599 | D:9      | Noticed Gastronok
  7623 | D:9      | Killed Gastronok
  7624 | D:9      | Reached skill level 9 in Long Blades
  7667 | D:9      | Reached * piety under Makhleb
  7706 | D:9      | Found a staircase to the Lair.
  7787 | D:9      | Reached XP level 11. HP: 97/97 MP: 9/9
  8528 | D:9      | Noticed Grum
  8550 | D:9      | Killed Grum
  8835 | D:10     | Entered Level 10 of the Dungeon
  8840 | D:10     | Noticed a two-headed ogre
  8851 | D:10     | Killed a two-headed ogre
  8852 | D:10     | Reached skill level 10 in Long Blades
  8917 | D:10     | Reached skill level 5 in Dodging
  8922 | D:10     | Noticed a two-headed ogre
  8936 | D:10     | Killed a two-headed ogre
  9099 | D:10     | Found a stormy altar of Qazlal.
  9159 | D:10     | Found a hazy altar of Hepliaklqana.
  9213 | D:10     | Found a hide-covered altar of Uskayaw.
  9271 | D:10     | Found a broken altar of Ashenzari.
  9524 | D:11     | Found Diuc's Antique Weapon Shop.
  9534 | D:11     | Bought a smoking long sword for 246 gold pieces
  9534 | D:11     | Identified the +5 long sword of Valour {vorpal, Fly rC++
                  | rCorr Dex-2} (You bought it in a shop on level 11 of the
                  | Dungeon)
  9797 | D:12     | Reached ** piety under Makhleb
  9847 | D:12     | Reached skill level 11 in Long Blades
  9907 | D:11     | Found a frozen archway.
  9976 | IceCv    | Entered an ice cave
 10063 | IceCv    | Reached skill level 1 in Invocations
 10166 | IceCv    | Reached XP level 12. HP: 109/109 MP: 11/11
 10264 | IceCv    | Noticed a quicksilver ooze
 10282 | IceCv    | Killed a quicksilver ooze
 10283 | IceCv    | Reached skill level 12 in Long Blades
 10292 | IceCv    | HP: 4/109 [ugly thing simulacrum (14)]
 10305 | IceCv    | Reached *** piety under Makhleb
 10337 | IceCv    | Found a viscous altar of Jiyva.
 10337 | IceCv    | Noticed an azure jelly
 10342 | IceCv    | Noticed an azure jelly
 10360 | IceCv    | Killed an azure jelly
 10361 | IceCv    | Reached skill level 1 in Evocations
 10362 | IceCv    | Killed an azure jelly
 10385 | IceCv    | Identified the +0 robe of Sumy {Rampage rCorr Dex-3 Slay-4}
 10392 | IceCv    | Identified the amulet "Zajoix Zulu" {RegenMP *Slow rF+++
                  | rN++ Int-5 SInv}
 10401 | IceCv    | Got the ring "Ceomaon" {Ice MP+9}
 10493 | IceCv    | Noticed a quicksilver ooze
 10524 | IceCv    | Killed a quicksilver ooze
 10525 | IceCv    | Reached skill level 10 in Shields
 10744 | D:11     | Noticed Sonja
 10751 | D:11     | Killed Sonja
 11386 | D:12     | Reached skill level 5 in Invocations
 11391 | D:12     | Found a basalt altar of Yredelemnul.
 11503 | D:12     | Found a staircase to the Orcish Mines.
 11505 | D:12     | Noticed a six-headed hydra
 11569 | D:12     | Killed a six-headed hydra
 11643 | D:12     | Reached skill level 13 in Long Blades
 11728 | D:12     | Noticed a two-headed ogre
 11736 | D:12     | Killed a two-headed ogre
 11766 | D:12     | Identified the +5 spear of the Dragonfly {spect, rCorr
                  | Str+4 Int-2}
 11903 | D:12     | Noticed Jorgrun
 11988 | D:12     | Killed Jorgrun
 11989 | D:12     | Reached XP level 13. HP: 68/117 MP: 12/12
 12147 | Orc:1    | Entered Level 1 of the Orcish Mines
 12205 | Orc:1    | Found Nasettuk's Distillery.
 12266 | Orc:1    | Reached **** piety under Makhleb
 12293 | Orc:1    | Found a runed translucent gate.
 12293 | Orc:1    | Found a runed translucent gate.
 12293 | Orc:1    | Found a runed translucent gate.
 12312 | Orc:1    | Noticed Harold
 12326 | Orc:1    | Killed Harold
 12382 | Orc:1    | Found Ucvotanu's Book Boutique.
 12402 | Orc:1    | Noticed Erolcha
 12415 | Orc:1    | Killed Erolcha
 12479 | Orc:1    | Found Esicur's Assorted Antiques.
 12636 | Orc:1    | Found Fyleerus's Jewellery Shoppe.
 12679 | Orc:1    | Noticed a merfolk impaler
 12680 | Orc:1    | Noticed a merfolk impaler
 12682 | Orc:1    | Noticed belegose's ghost (journeyman PaFi)
 12684 | Orc:1    | Found an iron altar of Okawaru.
 13060 | Orc:2    | Entered Level 2 of the Orcish Mines
 13276 | Orc:2    | Reached ***** piety under Makhleb
 13497 | Orc:2    | Reached skill level 14 in Long Blades
 13608 | Orc:2    | Found Seryur's Distillery.
 13656 | Orc:2    | Found Beuca's Weapon Shop.
 13713 | Orc:2    | Found Bupt's Magic Scroll Shoppe.
 13717 | Orc:2    | Found a staircase to the Elven Halls.
 13726 | Orc:2    | Gained mutation: You resist negative energy. (rN+) [Deep
                  | Dwarf growth]
 13726 | Orc:2    | Reached XP level 14. HP: 129/129 MP: 15/15
 13737 | Orc:2    | Found Iniob's Armour Boutique.
 14150 | D:12     | Killed belegose's ghost
 14467 | Lair:1   | Entered Level 1 of the Lair of Beasts
 14607 | Lair:1   | Reached skill level 1 in Maces & Flails
 14620 | Lair:1   | Found a runed translucent door.
 14620 | Lair:1   | Noticed SquidGame's ghost (journeyman TeBe)
 14993 | Lair:1   | Killed SquidGame's ghost
 15069 | Lair:2   | Found a staircase to the Swamp.
 15090 | Lair:2   | HP: 5/129 [poison (poison gas)]
 15091 | Lair:2   | Succumbed to poison (poison gas)

Illustrated notes

Levels and vault maps discovered:
D:1:      dpeg_arrival_orchard, layout_rooms
D:2:      layout_basic, basic_altar
D:3:      layout_loops_ring, dreamdust_ecumenical_altar_angels_and_demons,
          minivault_26
D:4:      layout_loops_corners, mainiacjoe_overflow_brackets,
          mainiacjoe_overflow_divided_tiny, cheibrodos_sewer_entry_bend
D:5:      lemuel_insect_pit, layout_basic
D:6:      lemuel_ice_spiral_2, layout_rooms, lemuel_doored_altar,
          okawaru_metal_pillars_1_2, nicolae_overflow_hidden_temple,
          serial_shops, nicolae_shop_trees, minmay_misc_feat_more_columns,
          hangedman_abyss_or_decor_lesser_grid, roderic_batcave
D:7:      layout_cave_pods, minmay_temple_entry_overgrown,
          minmay_fractal_squares_diagonal_5
D:8:      layout_loops_ring, elyvilon_altar_1, gammafunk_ghost_mausoleum,
          minmay_radiant, uniq_pikel
D:9:      layout_basic, dpeg_oklobed_lair, uniq_gastronok, uniq_grum
D:10:     layout_irregular_city, nzn_hepliaklqana_mist_gate, ashenzari_altar_1,
          nicolae_qazlal_general_emergency,
          nicolae_uskayaw_murder_on_the_dancefloor
D:11:     layout_loops_ring, portal_ice_cave_entry_ice_simulacra, serial_shops,
          nicolae_square_shop, uniq_sonja
D:12:     layout_roguey, david_orc_2, special_room [special_room_bee],
          lemuel_zombie_altar_yredelemnul, uniq_jorgrun
Temple:   chequers_temple_sunken
Lair:1:   layout_hall_layers, gammafunk_ghost_grave
Lair:2:   layout_roguey, minmay_swamp_entry_reptiles, minivault_27,
          minivault_27, ice2_lemuel, minmay_lair_oklob_chamber,
          grunt_megastairs_3, serial_bayou_shore_b
Orc:1:    layout_diamond_mine, serial_shops, nicolae_diamond_shop,
          nicolae_shop_crystal, shop, shop_fountains,
          gammafunk_ghost_fury_of_okawaru, uniq_erolcha, uniq_harold
Orc:2:    st_orc_open, layout_caves, basic_altar

Skill      XL: |  1  2  3  4  5  6  7  8  9 10 11 12 13 14 |
---------------+-------------------------------------------+-----
Fighting       | 3 4 5 6 7 8 9 |  9.5
Axes           | 3 4 5 6 8 |  8.6
Dodging        | 1 2 3 4 5 7 8 9 |  9.4
Armour         | 4 5 6 |  6.6
Shields        | 4 5 6 7 8 9 10 11 12 | 12.3
Stealth        | 1 2 3 4 |  4.0
Throwing       | 1 2 |  2.7
Long Blades    | 5 9 11 13 14 | 14.0
Invocations    | 1 6 8 9 |  9.6
Evocations     | 1 |  1.2
Maces & Flails | 1 |  1.4
Polearms       | |  0.2

Action                   |  1- 3 |  4- 6 |  7- 9 | 10-12 | 13-15 || total
-------------------------+-------+-------+-------+-------+-------++-------
Melee: War axe           |   104 |    97 |   280 |       |       ||   481
       Scimitar          |       |       |   129 |   490 |   546 ||  1165
       Whip              |       |       |       |    15 |       ||    15
       Demon whip        |       |       |       |       |    13 ||    13
       Spear             |       |       |       |       |     8 ||     8
Throw: Dart              |     1 |     7 |    20 |    11 |     8 ||    47
       Boomerang         |       |       |       |     8 |       ||     8
Invok: Minor Destruction |       |       |       |     1 |       ||     1
       Lesser Servant of |       |       |       |     1 |       ||     1
 Abil: Heal Wounds       |       |     1 |     6 |    11 |       ||    18
Evoke: Wand              |       |       |     3 |     3 |     1 ||     7
       Lightning rod     |       |       |       |     3 |       ||     3
       Piece from Xom's  |       |       |       |       |     1 ||     1
  Use: Potion            |     1 |       |     2 |     3 |       ||     6
       Scroll            |       |     7 |    19 |     6 |     1 ||    33
 Stab: Paralysed         |       |       |     1 |       |       ||     1
       Sleeping          |       |       |       |     2 |       ||     2
Armor: Scale mail        |    52 |    48 |   158 |       |       ||   258
       Steam dragon scal |       |       |    24 |   166 |    76 ||   266
       Ring mail         |       |       |       |       |    49 ||    49
Dodge: Dodged            |    34 |    31 |   149 |   232 |   303 ||   749
Block: Kite shield       |    69 |    66 |   366 |   451 |   476 ||  1428
       Rpst.: Scimitar   |       |       |    20 |    46 |    59 ||   125
